 Dungeon Crawl Stone Soup version 0.17-a0-1910-g4c791fa (webtiles) character file.

14784 dearth the Basher (level 11, -4/101 HPs)
             Began as a Minotaur Fighter on Sept 25, 2015.
             Was a High Priest of Okawaru.
             Slain by a hippogriff (5 damage)
             ... on level 12 of the Dungeon.
             The game lasted 00:37:01 (13094 turns).

dearth the Basher (Minotaur Fighter)               Turns: 13094, Time: 00:37:01

Health: -4/101     AC: 15    Str: 29    XL:     11   Next: 93%
Magic:  14/14      EV:  9    Int:  4    God:    Okawaru [*****.]
Gold:   837        SH: 13    Dex: 10    Spells: 0 memorised, 10 levels left

rFire  + + +     SeeInvis .     b - +1 eveningstar (protect)
rCold  . . .     Clarity  .     M - +2 ring mail {rPois}
rNeg   . . .     SustAt   .     c - +1 shield
rPois  +         Gourm    .     (helmet restricted)
rElec  .         Spirit   .     (no cloak)
rCorr  .         Warding  .     (no gloves)
rMut   .         Stasis   .     i - +0 pair of boots "Roetixee" {rF+ Int+3}
MR     .....                    (no amulet)
Stlth  +.........               L - ring of poison resistance
                                u - ring of Ydoelah {rF++ Int-4 Stlth+}

@: mighty, not resistant to hostile enchantments, very unstealthy
A: retaliatory headbutt, horns 2
a: Heroism, Finesse, Renounce Religion


You were on level 12 of the Dungeon.
You worshipped Okawaru.
Okawaru was extremely pleased with you.
You were very hungry.

You visited 2 branches of the dungeon, and saw 13 of its levels.
You also visited: Labyrinth.

You collected 957 gold pieces.
You spent 120 gold pieces at shops.

Inventory:

Hand weapons
 b - a +1 eveningstar of protection (weapon)
Armour
 c - a +1 shield (worn)
 i - the +0 pair of boots "Roetixee" (worn) {rF+ Int+3}
   (Okawaru gifted it to you in a labyrinth)

   It affects your intelligence (+3).
   It protects you from fire.
 M - a +2 ring mail of poison resistance (worn)
Jewellery
 l - a +5 ring of slaying
 o - a +3 ring of protection
 u - the ring of Ydoelah (left hand) {rF++ Int-4 Stlth+}
   (You found it in a labyrinth)

   [ring of stealth]

   It affects your intelligence (-4).
   It greatly protects you from fire.
   It makes you more stealthy.
 D - an uncursed ring of flight
 L - a ring of poison resistance (right hand)
 N - an uncursed amulet of the gourmand
 R - an uncursed amulet of regeneration {unknown}
 T - an uncursed ring of ice
Magical devices
 s - a wand of confusion (27)
 y - a wand of fireball (11)
 P - a wand of flame (35)
 S - a wand of frost (30)
 U - a wand of cold (7)
Scrolls
 a - a scroll of amnesia
 g - a scroll of recharging
 n - 11 scrolls of identify
 p - 4 scrolls of teleportation
 r - 3 scrolls of enchant armour
 v - 5 scrolls of remove curse
 B - a scroll of blinking {unknown}
 F - a scroll of holy word {unknown}
 H - 2 scrolls of immolation {unknown}
 O - 2 scrolls of enchant weapon {unknown}
Potions
 f - a potion of lignification {unknown}
 h - 2 potions of mutation {unknown}
 j - 9 potions of curing
 k - 2 potions of heal wounds
 q - 3 potions of poison {unknown}
 t - a potion of invisibility {unknown}
 x - 2 potions of agility {unknown}
 z - 2 potions of berserk rage {unknown}
 A - a potion of cancellation {unknown}
 C - 2 potions of flight {unknown}
 I - 2 potions of resistance {unknown}
 K - a potion of haste {unknown}
 Q - 2 potions of brilliance {unknown}
Books
 E - the Grimoire of Supportive Transmigration
   (You found it in a labyrinth)

   Spells                             Type                      Level
   a - Summon Small Mammal            Summoning                    1
   b - Call Canine Familiar           Summoning                    3
   c - Spider Form                    Transmutation/Poison         3
   d - Ice Form                       Ice/Transmutation            4
   e - Summon Ice Beast               Ice/Summoning                4
   f - Irradiate                      Conjuration/Transmutation    5
 J - a book of Air

   Spells                             Type                      Level
   a - Shock                          Conjuration/Air              1
   b - Swiftness                      Charms/Air                   2
   c - Repel Missiles                 Charms/Air                   2
   d - Static Discharge               Conjuration/Air              3
   e - Lightning Bolt                 Conjuration/Air              5
Miscellaneous
 m - a fan of gales
Comestibles
 e - 5 bread rations
 w - 2 meat rations
 G - 7 slices of pizza


   Skills:
 + Level 10.3 Fighting
 * Level 13.1 Maces & Flails
 + Level 10.6 Armour
 + Level 10.3 Shields
 + Level 4.0 Invocations
 + Level 5.5 Evocations


You had 10 spell levels left.
You didn't know any spells.

Dungeon Overview and Level Annotations

Branches:
Dungeon (12/15)            Temple (1/1) D:6            Lair (0/8) D:10
    Orc (0/4) D:9

Altars:
Ashenzari
Cheibriados
Dithmenos
Elyvilon
Fedhas
Gozag
Kikubaaqudgha
Makhleb
Nemelex Xobeh
Okawaru
Qazlal
Ru
Sif Muna
Trog
Vehumet
Xom
Yredelemnul
Zin
The Shining One

Shops:
D:4 [   D:5 }?[!   D:10 }   D:11 (

Annotations:
D:6 Prince Ribbit
D:10 exclusion: oklob plant


Innate Abilities, Weirdness & Mutations

You reflexively headbutt those who attack you in melee.
You have a pair of horns on your head.


Message History

Okawaru is honoured by your kill.
Your Invocations skill increases to level 4!
The hippogriff bites you but does no damage.
The hippogriff pecks you but does no damage.
The hippogriff claws you but does no damage.
You completely miss the ogre. You headbutt the ogre!
The ogre is moderately wounded.
You block the hippogriff's attack. x2
The hippogriff claws you but does no damage.
Your shield prevents you from hitting the ogre.
You headbutt the ogre!
The ogre is severely wounded.
The ogre hits you with a giant club!
* * * LOW HITPOINT WARNING * * *
You block the hippogriff's attack. The hippogriff misses you.
The hippogriff claws you but does no damage.
You hit the ogre.
The ogre is severely wounded.
You block the ogre's attack. The hippogriff bites you.
You die...

#.YYY..............#
#YZ#Y..............#
#..#...............#
####...............#
#...............#
..####
#...............#
......
#.........Z.....#
....
+...............# ...
#..........O@H..##'##
#..........)....#...#
#........[..>.(('...#
O..............#...#
##....#########...#
#....#.......#...#
... #.......#...#
#.......#...#
#.......#...#


You could see a hippogriff, an ogre and a trapdoor spider zombie.

Vanquished Creatures
  A minotaur (Lab)
  Harold (D:10)
  A centaur warrior (D:12)
  Pikel (D:4)
  An unseen horror (Lab)
  An ugly thing (D:10)
  Joseph (D:7)
  Psyche (D:10)
  A gargoyle (Lab)
  2 two-headed ogres
  A minotaur skeleton (Lab)
  A deep elf mage (D:10)
  Sigmund (D:6)
  A human (D:7)
  A shadow (Lab)
  8 yaks
  A hog (D:7)
  7 hungry ghosts
  6 basilisks (Lab)
  A mottled dragon (D:12)
  2 hippogriffs (D:7)
  The ghost of Loris the Archer, an average HEHu (D:3)
  A water moccasin (D:10)
  Edmund (D:6)
  3 phantoms
  6 orc warriors
  3 sky beasts
  A slave (D:4)
  3 ogres
  5 ice beasts
  6 centaurs
  A crocodile (D:11)
  2 giant frogs
  13 killer bees
  3 scorpions
  2 quasits
  A giant frog zombie (D:12)
  A centaur zombie (D:9)
  10 crimson imps
  A gnoll shaman (D:4)
  8 hounds
  5 jellies
  3 centaur skeletons
  6 orc priests
  Ijyb (D:2)
  A giant frog skeleton (D:9)
  Jessica (D:2)
  A killer bee zombie (D:9)
  11 orc wizards
  6 worker ants
  3 sheep (D:7)
  A hound skeleton (D:7)
  A worker ant zombie (D:5)
  6 gnolls (D:4)
  9 adders
  4 white imps
  2 shadow imps
  3 oozes
  2 adder skeletons
  2 adder zombies
  A worm (D:5)
  42 orcs
  A ball python (D:4)
  7 giant cockroaches
  4 goblins
  9 hobgoblins
  12 jackals
  7 bats
  7 giant geckos
  2 giant newts
  3 hobgoblin zombies (D:4)
  A jackal skeleton (D:9)
  4 kobolds
  A kobold skeleton (D:4)
  An orc skeleton (D:4)
  2 orc zombies (D:4)
  7 quokkas
  A quokka zombie (D:9)
  8 rats
  A butterfly (D:8)
302 creatures vanquished.

Notes
Turn   | Place    | Note
--------------------------------------------------------------
     0 | D:1      | dearth the Minotaur Fighter began the quest for the Orb.
     0 | D:1      | Reached XP level 1. HP: 19/19 MP: 0/0
   479 | D:1      | Reached XP level 2. HP: 27/27 MP: 1/1
   794 | D:2      | Noticed Jessica
   799 | D:2      | Killed Jessica
   799 | D:2      | Reached XP level 3. HP: 25/33 MP: 2/2
   932 | D:2      | Reached skill level 4 in Fighting
   999 | D:2      | Noticed Ijyb
  1015 | D:2      | Killed Ijyb
  1015 | D:2      | Reached XP level 4. HP: 35/40 MP: 3/3
  1156 | D:2      | Found a shimmering altar of Xom.
  1544 | D:3      | Noticed Loris's ghost (average HEHu)
  1554 | D:3      | Killed Loris's ghost
  1554 | D:3      | Reached skill level 5 in Maces & Flails
  1554 | D:3      | Reached XP level 5. HP: 33/47 MP: 4/4
  1693 | D:3      | Reached XP level 6. HP: 49/55 MP: 5/5
  1739 | D:3      | Found a sacrificial altar of Ru.
  1746 | D:3      | Reached skill level 5 in Fighting
  2246 | D:4      | Reached skill level 5 in Armour
  2273 | D:4      | Reached skill level 5 in Shields
  2282 | D:4      | Found Wuonoco's Antique Armour Shoppe.
  2379 | D:4      | Reached skill level 6 in Maces & Flails
  2393 | D:4      | Reached XP level 7. HP: 26/61 MP: 6/6
  2716 | D:4      | Found a glowing golden altar of the Shining One.
  2778 | D:4      | Noticed Pikel
  2808 | D:4      | Killed Pikel
  2808 | D:4      | Reached skill level 7 in Maces & Flails
  2808 | D:4      | Reached XP level 8. HP: 33/70 MP: 7/7
  3127 | D:5      | Entered Level 5 of the Dungeon
  3181 | D:5      | Found Luycuvox's Gadget Emporium.
  3184 | D:5      | Found Uphimedo's Magic Scroll Shoppe.
  3470 | D:5      | Reached skill level 8 in Maces & Flails
  3481 | D:5      | Found Noipic's Antique Armour Emporium.
  3870 | D:5      | Found a sparkling altar of Nemelex Xobeh.
  3977 | D:5      | Found a burning altar of Makhleb.
  3977 | D:5      | Noticed a balrug
  3981 | D:5      | Noticed a hellwing
  4064 | D:5      | Found Tuehal's Distillery.
  4071 | D:5      | Bought a potion of curing for 45 gold pieces
  4071 | D:5      | Bought a potion of heal wounds for 75 gold pieces
  4149 | D:6      | Noticed Edmund
  4167 | D:6      | Killed Edmund
  4187 | D:6      | Reached skill level 1 in Evocations
  4214 | D:6      | Found a bloodstained altar of Trog.
  4233 | D:6      | Noticed Prince Ribbit
  4570 | D:6      | Found a staircase to the Ecumenical Temple.
  4578 | Temple   | Entered the Ecumenical Temple
  4590 | Temple   | Became a worshipper of Warmaster Okawaru
  4616 | D:6      | Found a bloodstained altar of Trog.
  4663 | D:6      | Reached skill level 9 in Maces & Flails
  4736 | D:6      | Noticed Sigmund
  4747 | D:6      | Killed Sigmund
  4747 | D:6      | Reached XP level 9. HP: 57/79 MP: 7/9
  5133 | D:7      | Acquired Okawaru's first power
  5891 | D:7      | Reached skill level 10 in Maces & Flails
  6310 | D:7      | Noticed Joseph
  6342 | D:7      | Killed Joseph
  6864 | D:8      | Reached XP level 10. HP: 79/90 MP: 11/11
  7108 | D:8      | Found Beet's Weapon Emporium.
  7139 | D:8      | Found a radiant altar of Vehumet.
  7141 | D:8      | Found an ancient bone altar of Kikubaaqudgha.
  7141 | D:8      | Found a deep blue altar of Sif Muna.
  7146 | D:8      | Identified Vehumet's Papyrus of Combat Magic
  7153 | D:8      | Identified Sif Muna's Disquisition on Changing
  7162 | D:8      | Identified Kikubaaqudgha's Catalogue of Dark Rituals
  7227 | D:8      | Found a shattered altar of Ashenzari.
  7835 | D:8      | Found a shadowy altar of Dithmenos.
  8138 | D:9      | Reached skill level 11 in Maces & Flails
  8469 | D:9      | Found a staircase to the Orcish Mines.
  8915 | D:9      | Identified a scroll of acquirement
  8990 | D:9      | Found a glowing silver altar of Zin.
  8991 | D:9      | Noticed an angel
  9234 | D:10     | Entered Level 10 of the Dungeon
  9255 | D:10     | Found a staircase to the Lair.
  9255 | D:10     | Noticed an oklob plant
  9266 | D:10     | Noticed Psyche
  9352 | D:10     | Killed Psyche
  9352 | D:10     | Reached skill level 1 in Invocations
  9587 | D:10     | Noticed Harold
  9606 | D:10     | Killed Harold
 10090 | D:10     | Reached XP level 11. HP: 78/97 MP: 13/13
 10288 | D:10     | Reached skill level 12 in Maces & Flails
 10730 | D:10     | Found Wiretil's Gadget Shop.
 11276 | D:11     | Reached skill level 10 in Armour
 11366 | D:11     | Found a labyrinth entrance.
 11376 | Lab      | Entered a labyrinth
 11445 | Lab      | Found an exit through the horrors of the Abyss.
 11619 | Lab      | Acquired Okawaru's second power
 11775 | Lab      | Killed an unseen horror
 11775 | Lab      | Received a gift from Okawaru
 11775 | Lab      | Reached skill level 5 in Evocations
 11778 | Lab      | Got a pair of brightly glowing boots {god gift}
 11784 | Lab      | Identified the +0 pair of boots "Roetixee" {rF+ Int+3} (Okawaru gifted it to you in a labyrinth)
 11799 | Lab      | Reached skill level 10 in Fighting
 11903 | Lab      | Noticed a minotaur
 11910 | Lab      | Killed a minotaur
 11910 | Lab      | Reached skill level 10 in Shields
 11914 | Lab      | Got an ancient amber ring
 11914 | Lab      | Identified the Grimoire of Supportive Transmigration
 12210 | D:11     | Found a stormy altar of Qazlal.
 12410 | D:11     | Found Pisuc's Antique Weapon Shop.
 12604 | D:12     | Identified the ring of Ydoelah {rF++ Int-4 Stlth+} (You found it in a labyrinth)
 12907 | D:12     | Reached skill level 13 in Maces & Flails
 12919 | D:12     | HP: 4/100 [trapdoor spider zombie (5)]
 13083 | D:12     | Noticed a centaur warrior
 13091 | D:12     | Killed a centaur warrior
 13093 | D:12     | HP: 1/101 [ogre/giant club (7)]
 13094 | D:12     | Slain by a hippogriff

Vault maps used:
D:1:      minmay_arrival_hallway, minmay_hedge_maze
D:2:      lemuel_round_altar, uniq_iyjb, uniq_jessica
D:3:      nicolae_ru_sacrificial_ziggurat
D:4:      serial_shops, shop, nicolae_tso_besieged_by_evil, uniq_pikel
D:5:      makhleb_altar_promises_db, lemuel_doored_altar, serial_shops, shop,
          nicolae_shop_crystal, nicolae_shop_trees, nicolae_shop_crystal,
          first_bread
D:6:      bloody_trog, minmay_temple_entry_butterflies, lemuel_altar_in_water2,
          uniq_edmund, uniq_sigmund, uniq_prince_ribbit1
D:7:      grunt_livestock, minmay_nine_imps, uniq_joseph
D:8:      grunt_temple_overflow_magic_moments, nicolae_overflow_hidden_temple,
          kennysheep_mini_moat, serial_shops, kennysheep_mini
D:9:      zin_angel, orc_0_dummy, serial_glass, glass_columns_a,
          glass_columns_a, glass_columns_c, grunt_decor_cap, wad_rectangle_vault
D:10:     minmay_goldmine, dpeg_oklobed_lair, serial_shops, shop,
          minmay_misc_feat_doors, uniq_psyche, uniq_harold
D:11:     serial_shops, shop_fountains, lab_entry_generic,
          minmay_misc_feat_more_columns, nicolae_qazlal_general_emergency
D:12:     portal_ice_cave_entry_imps, nrook_mini_vaults
Temple:   temple_eino_lava_8
Lab:      labyrinth_fake_exit, nicolae_lab_swirl, nicolae_lab_lava,
          nicolae_lab_very_dead_end, lab_fountain, nicolae_lab_starburst,
          nicolae_lab_x, nicolae_lab_checkerboard, nicolae_lab_hexagon,
          lab_block, nicolae_lab_arrow, labyrinth_skeletal_remains,
          nicolae_lab_quarters

Action                   |  1- 3 |  4- 6 |  7- 9 | 10-12 || total
-------------------------+-------+-------+-------+-------++-------
Melee: Flail             |    63 |    84 |       |       ||   147
       Mace              |       |    18 |   362 |   154 ||   534
       Eveningstar       |       |       |       |   260 ||   260
Evoke: Wand              |       |       |       |     3 ||     3
  Use: Potion            |       |       |     1 |     1 ||     2
       Scroll            |       |       |       |    14 ||    14
  Eat: Fruit             |       |     5 |     2 |       ||     7
       Chunk             |       |       |     3 |     2 ||     5
       Beef jerky        |       |       |     2 |     2 ||     4
       Royal jelly       |       |       |     1 |       ||     1
       Pizza             |       |       |     1 |       ||     1
       Bread ration      |       |       |     1 |     3 ||     4
       Meat ration       |       |       |       |     2 ||     2
